 Dungeon Crawl Stone Soup version 0.26-a0-812-g31a745ddcd (webtiles) character file.

Game seed: 11450509360585463828

1172 kae the Gusty (level 8, -1/42 HPs)
             Began as a Vine Stalker Air Elementalist on Nov 25, 2020.
             Slain by an orc warrior
             ... wielding a +4 dire flail of venom
              (23 damage)
             ... on level 5 of the Dungeon.
             The game lasted 00:05:26 (6040 turns).

kae the Gusty (Vine Stalker Air Elementalist)       Turns: 6040, Time: 00:05:26

Health: -1/42      AC:  7    Str: 12    XL:     8   Next: 41%
Magic:  0/16       EV: 12    Int: 17    God:
Gold:   128        SH:  0    Dex: 14    Spells: 11/17 levels left

rFire    . . .     SeeInvis .   c - +1 dagger (venom)
rCold    + . .     Faith    .   (no shield)
rNeg     . . .     Spirit   +   a - +0 robe
rPois    .         Reflect  .   (no helmet)
rElec    .         Harm     .   l - +2 cloak
rCorr    .         Rampage  .   m - +1 pair of gloves
MR       +....                  (no boots)
Stlth    ++........             (no amulet)
HPRegen  0.54/turn              r - ring of protection from cold
MPRegen  0.15/turn              f - ring of flight

@: lethally poisoned (-1 -> -17)
A: fangs 3, regeneration 1, magic shield, antimagic bite, no potion heal 3, rot
immunity
a: Evoke Flight


You were on level 5 of the Dungeon.
You visited 2 branches of the dungeon, and saw 6 of its levels.

You collected 282 gold pieces.
You spent 154 gold pieces at shops.

Inventory:

Hand Weapons
 c - a +1 dagger of venom (weapon)
Armour
 a - a +0 robe (worn)
 l - a +2 cloak (worn)
 m - a +1 pair of gloves (worn)
Jewellery
 d - an uncursed ring of fire
 f - a ring of flight (right hand)
 p - an uncursed ring of protection from cold
 r - a ring of protection from cold (left hand)
Scrolls
 h - 7 scrolls of remove curse
 i - a scroll of teleportation
Potions
 b - a potion of heal wounds
 e - a potion of lignification
 g - a potion of might
 j - a potion of haste
 k - 4 potions of curing
 n - 4 potions of mutation
 q - a potion of attraction {unknown}


   Skills:
 + Level 4.2 Fighting
 - Level 1.5 Dodging
 - Level 2.4 Stealth
 + Level 5.2 Spellcasting
 + Level 4.9 Conjurations
 + Level 5.7 Air Magic


You had 11 spell levels left.
You knew the following spells:

 Your Spells              Type           Power        Failure   Level
a - Shock                 Conj/Air       ###.         1%          1
b - Static Discharge      Conj/Air       ###.....     4%          3
c - Swiftness             Air            ###.....     1%          2

Your spell library contained the following spells:

 Spells                   Type           Power        Failure   Level
 Airstrike                Air            ###.......   13%         4
 Lightning Bolt           Conj/Air       ###.......   41%         5


Dungeon Overview and Level Annotations

Branches:
Dungeon (5/15)             Temple (1/1) D:5

Altars:
Cheibriados
Fedhas
Gozag
Hepliaklqana
Kikubaaqudgha
Makhleb
Nemelex Xobeh
Okawaru
Qazlal
Ru
Sif Muna
Wu Jian
Xom

Shops:
D:4 (   D:5 !


Innate Abilities, Weirdness & Mutations

You have razor-sharp teeth.
Your natural rate of healing is unusually fast.
When hurt, damage is shared between your health and your magic reserves.
Your bite disrupts and absorbs the magic of your enemies.
Potions cannot restore your health.
You are immune to rotting.


Message History

You are struck by an arc of lightning.
The orc warrior is struck by an arc of lightning!
The orc warrior is heavily wounded.
The lightning grounds out.
The orc warrior hits you with a +4 dire flail of venom!
You are poisoned.
You feel sick.
The orc warrior hits you with a +4 dire flail of venom!
You are more poisoned.
Casting: Static Discharge (dangerous; 4% risk of failure)
Confirm with . or Enter, or press ? or * to list all spells.
The orc warrior is struck by an arc of lightning!
The orc warrior is severely wounded.
You are struck by an arc of lightning.
The lightning grounds out.
You feel very sick. The orc warrior closely misses you.
You feel sick.
The orc warrior hits you with a +4 dire flail of venom!!
Ouch! That really hurt!
You die...

...#.....#.....#÷.#
################..#
..................#
..................#
################..#
...#.....#.....#..#
...#.....#.....#..#
#..#.†#..#..#..#..#
#..#..#..#†.#..#@.#
#.....#.....#..o..#
#.....#....[#.....#
###################


You could see an orc warrior.

Vanquished Creatures
  An ogre (D:5)
  A phantom (D:4)
  3 ice beasts (D:5)
  3 scorpions
  A howler monkey (D:5)
  A hound (D:5)
  2 orc wizards
  3 iron imps
  5 worker ants
  A hound skeleton (D:4)
  A howler monkey skeleton (D:4)
  A worker ant zombie (D:5)
  11 adders
  A white imp (D:5)
  An ufetubus (D:5)
  An ooze (D:2)
  4 worms
  3 dart slugs
  6 leopard geckos
  8 orcs
  2 ball pythons
  5 giant cockroaches
  7 goblins
  3 hobgoblins
  4 jackals
  5 kobolds
  3 quokkas
  7 bats
  3 frilled lizards
  A jackal skeleton (D:5)
  6 rats
104 creatures vanquished.

Notes
Turn   | Place    | Note
-------+----------+-------------------------------------------
     0 | D:1      | kae the Vine Stalker Air Elementalist began the quest for
                  | the Orb.
     0 | D:1      | Reached XP level 1. HP: 9/9 MP: 4/4
   201 | D:1      | Reached XP level 2. HP: 14/14 MP: 0/6
   972 | D:2      | Reached skill level 1 in Fighting
   972 | D:2      | Reached XP level 3. HP: 11/18 MP: 2/7
  1453 | D:2      | Learned a level 3 spell: Static Discharge
  1501 | D:2      | Learned a level 2 spell: Swiftness
  1598 | D:2      | Gained mutation: Your natural rate of healing is unusually
                  | fast. [Vine Stalker growth]
  1598 | D:2      | Reached XP level 4. HP: 19/22 MP: 3/9
  2908 | D:3      | Reached XP level 5. HP: 26/26 MP: 5/10
  3090 | D:3      | Found a sparkling altar of Nemelex Xobeh.
  3090 | D:3      | Found an opulent altar of Gozag.
  3326 | D:4      | Noticed a phantom
  3469 | D:4      | Killed a phantom
  3603 | D:4      | Reached XP level 6. HP: 30/30 MP: 5/12
  3674 | D:4      | Found Opu Nojona's Weapon Emporium.
  4070 | D:4      | Noticed an air elemental
  4072 | D:4      | Found a stormy altar of Qazlal.
  4073 | D:4      | Noticed a fire elemental
  4073 | D:4      | Noticed a water elemental
  4491 | D:4      | Reached XP level 7. HP: 35/35 MP: 7/14
  4704 | D:4      | Found a burning altar of Makhleb.
  4785 | D:5      | Entered Level 5 of the Dungeon
  4858 | D:5      | Found a staircase to the Ecumenical Temple.
  5003 | Temple   | Entered the Ecumenical Temple
  5130 | D:5      | Reached skill level 5 in Air Magic
  5158 | D:5      | Found Guekhih's Distillery.
  5160 | D:5      | Bought a potion of curing for 33 gold pieces
  5160 | D:5      | Bought a potion of lignification for 33 gold pieces
  5160 | D:5      | Bought a potion of mutation for 88 gold pieces
  5651 | D:5      | Gained mutation: You have razor-sharp teeth. [Vine Stalker
                  | growth]
  5651 | D:5      | Reached XP level 8. HP: 34/42 MP: 11/16
  5690 | D:5      | Reached skill level 5 in Spellcasting
  6016 | D:5      | Noticed a wyvern
  6040 | D:5      | Slain by an orc warrior

Illustrated notes

Levels and vault maps discovered:
D:1:      roderic_chinese_lattice_arrival, layout_loops_ring
D:2:      layout_basic
D:3:      layout_basic, grunt_temple_overflow_opulence
D:4:      layout_rooms, demons_altar, serial_shops, shop,
          nicolae_qazlal_style_of_elements
D:5:      kennysheep_windowed_halls, layout_loops_cross,
          minmay_temple_entry_wispy, ebering_ghost_disaster_area, serial_shops,
          nicolae_shop_trees
Temple:   zaba_magenta_temple

Skill      XL: |  1  2  3  4  5  6  7  8 |
---------------+-------------------------+-----
Fighting       | 1 2 3 4 |  4.2
Conjurations   | 2 3 4 |  4.9
Spellcasting   | 3 4 5 |  5.2
Air Magic      | 4 5 |  5.7
Dodging        | |  1.5
Stealth        | |  2.4

Action                   |  1- 3 |  4- 6 |  7- 9 || total
-------------------------+-------+-------+-------++-------
Melee: Unarmed           |    20 |       |       ||    20
       Bite              |     9 |    18 |    20 ||    47
       Dagger            |     7 |    63 |    69 ||   139
 Cast: Shock             |    68 |   132 |    66 ||   266
       Static Discharge  |       |     2 |     8 ||    10
  Use: Scroll            |     1 |     3 |     4 ||     8
 Stab: Sleeping          |       |     5 |       ||     5
Armor: Robe              |     6 |    17 |    28 ||    51
Dodge: Dodged            |    28 |    46 |    50 ||   124

Table legend: (Time is in decaauts)
 A = Elapsed time spent in this place.
 B = Non-inter-level travel time spent in this place.
 C = Inter-level travel time spent in this place.
 D = Time resting spent in this place.
 E = Time spent auto-exploring this place.
 F = Levels seen in this place.
 G = Mean time per level.
                   A        B        C        D        E       F      G
               +--------+--------+--------+--------+--------+-----+--------+
         Total |   6040 |   5788 |    252 |    493 |   4456 |   6 | 1006.7 |
       Dungeon |   5964 |   5724 |    240 |    493 |   4399 |   5 | 1192.8 |
        Temple |     76 |     64 |     12 |      0 |     57 |   1 |   76.0 |
               +--------+--------+--------+--------+--------+-----+--------+

Top non-repeatable levels by time:
     D:2: 1632 daAuts
     D:4: 1351 daAuts
     D:5: 1119 daAuts
     D:3: 1028 daAuts
     D:1: 833 daAuts
  Temple: 76 daAuts
